 Dungeon Crawl Stone Soup version 0.25-a0-835-gb37b1c2 (webtiles) character file.

Game seed: 14330675999048985786, levelgen mode: deterministic

39 Faca the Slasher (level 3, 0/29 HPs)
             Began as a Demonspawn Gladiator on Apr 23, 2020.
             Slain by a hornet zombie (7 damage)
             ... on level 2 of the Dungeon.
             The game lasted 00:01:40 (847 turns).

Faca the Slasher (Demonspawn Gladiator)              Turns: 847, Time: 00:01:41

Health: 0/29       AC:  6    Str: 15    XL:     3   Next: 26%
Magic:  3/3        EV: 11    Int:  9    God:
Gold:   37         SH:  0    Dex: 14    Spells: 2/2 levels left

rFire    . . .     SeeInvis .   a - +1 long sword
rCold    . . .     Gourm    .   (no shield)
rNeg     . . .     Faith    .   g - +1 ring mail
rPois    .         Spirit   .   (helmet restricted)
rElec    .         Reflect  .   (no cloak)
rCorr    .         Harm     .   (no gloves)
MR       .....                  (no boots)
Stlth    +.........             (no amulet)
HPRegen  0.09/turn              (no ring)
MPRegen  0.08/turn              (no ring)

@: no status effects
A: antennae 2
a: no special abilities


You were on level 2 of the Dungeon.
You were not hungry.

You visited 1 branch of the dungeon, and saw 2 of its levels.

You collected 37 gold pieces.

Inventory:

Hand Weapons
 a - a +1 long sword (weapon)
Missiles
 d - 3 throwing nets (quivered)
Armour
 g - a +1 ring mail (worn)
Scrolls
 e - 2 scrolls of identify
Potions
 j - a potion of lignification
Comestibles
 f - a ration


   Skills:
 + Level 3.0 Fighting
 + Level 3.4 Long Blades
 - Level 1.7 Throwing
 - Level 2.6 Dodging


You had 2 spell levels left.
You didn't know any spells.
Your spell library was empty.

Dungeon Overview and Level Annotations

Branches:
Dungeon (2/15)

Altars:


Innate Abilities, Weirdness & Mutations

You have a pair of antennae on your head.


Message History

You slash the hornet zombie!
The hornet zombie is moderately damaged.
The hornet zombie barely misses you. x2
You barely miss the hornet zombie.
The hornet zombie is moderately damaged.
The hornet zombie closely misses you.
You hit the hornet zombie but do no damage.
The hornet zombie is moderately damaged.
The hornet zombie hits you!
* * * LOW HITPOINT WARNING * * *
The hornet zombie closely misses you.
You riposte.
You barely miss the hornet zombie.
The hornet zombie is moderately damaged.
You barely miss the hornet zombie.
The hornet zombie is moderately damaged.
The hornet zombie hits you but does no damage.
The hornet zombie closely misses you.
There is a stone staircase leading up here.
The hornet zombie hits you!
You die...

... #.# #.# #.#
#†# .. ##.##
....###...#####
#....Z#.[....
#####@..#####
##.## .# .# .#
.# .# ##


You could see a hornet zombie.

Vanquished Creatures
  An adder (D:2)
  A dart slug (D:1)
  A giant cockroach (D:1)
  3 hobgoblins (D:1)
  2 ball pythons (D:1)
  6 bats (D:1)
  2 frilled lizards
  5 goblins
  4 kobolds (D:1)
  3 rats (D:1)
28 creatures vanquished.

Notes
Turn   | Place    | Note
-------+----------+-------------------------------------------
     0 | D:1      | Faca the Demonspawn Gladiator began the quest for the Orb.
     0 | D:1      | Reached XP level 1. HP: 16/16 MP: 1/1
   157 | D:1      | Gained mutation: You have a pair of small antennae on your
                  | head. [demonic ancestry]
   157 | D:1      | Reached XP level 2. HP: 20/23 MP: 2/2
   833 | D:2      | Gained mutation: You have a pair of antennae on your head.
                  | [demonic ancestry]
   833 | D:2      | Reached XP level 3. HP: 28/28 MP: 3/3
   847 | D:2      | Slain by a hornet zombie

Levels and vault maps discovered:
D:1:      dpeg_arrival_subterranean_lakeside_camping, layout_loops_ring,
          hangedman_decor_opposing
D:2:      minmay_general_purpose_star, layout_loops_ring,
          grunt_qazlal_sundering, uniq_terence

Skill      XL: |  1  2  3 |
---------------+----------+-----
Long Blades    | 3 |  3.4
Fighting       | 3 |  3.0
Throwing       | |  1.7
Dodging        | |  2.6

Action                   || total
-------------------------++-------
Melee: Long sword        ||    75
  Use: Scroll            ||     5
Armor: Leather armour    ||     8
       Ring mail         ||    27
Dodge: Dodged            ||    65
       Rpst.: Long sword ||    21

Table legend:
 A = Non-vault XP
 B = Vault XP
 C = Vault XP percentage of total XP
 D = Non-vault monster count
 E = Vault monster count
 F = Vault count percentage of total count
                 A         B        C        D         E       F
            +---------+---------+-------+---------+---------+-------
      Total |      48 |       8 |  14.3 |      22 |       6 |  21.4
            +---------+---------+-------+---------+---------+-------
        D:1 |      31 |       8 |  20.5 |      19 |       6 |  24.0
        D:2 |      17 |       0 |   0.0 |       3 |       0 |   0.0
            +---------+---------+-------+---------+---------+-------
